 Dungeon Crawl Stone Soup version 0.20-a0-550-gf70bbbc (webtiles) character file.

60 Amnesiac the Magician (level 3, -10/27 HPs)
             Began as a Mummy Skald on Feb 3, 2017.
             Mangled by an iguana (12 damage)
             ... on level 4 of the Dungeon.
             The game lasted 00:02:25 (1418 turns).

Amnesiac the Magician (Mummy Skald)                 Turns: 1418, Time: 00:02:25

Health: -10/27     AC:  3    Str: 14    XL:     3   Next: 82%
Magic:  1/8        EV: 11    Int: 12    God:
Gold:   92         SH:  0    Dex: 12    Spells: 4/10 levels left

rFire    x . .     SeeInvis .   a - +0 spear
rCold    + . .     Gourm    .   b - +0 leather armour
rNeg     + + +     Faith    .   (no shield)
rPois    ∞         Spirit   .   (no helmet)
rElec    .         Reflect  .   (no cloak)
rCorr    .         Harm     .   (no gloves)
MR       .....                  (no boots)
Stlth    +.........             (no amulet)
Regen    0.1/turn               (no ring)
                                e - ring of positive energy (curse)

@: very slightly contaminated
A: no food or potions, fire vulnerability, cold resistance 1, negative energy
resistance 3, torment resistance, unbreathing
a: no special abilities


You were on level 4 of the Dungeon.
You were not hungry.

You visited 1 branch of the dungeon, and saw 4 of its levels.

You collected 92 gold pieces.

Inventory:

Hand Weapons
 a - a +0 spear (weapon)
Armour
 b - a +0 leather armour (worn)
Jewellery
 e - a cursed ring of positive energy (left hand)
Scrolls
 d - 2 scrolls of teleportation
 f - a scroll of fear
Books
 c - a book of Battle

   Spells                             Type                      Level
   a - Infusion                       Charms                       1
   b - Shroud of Golubria             Charms/Translocation         2
   c - Song of Slaying                Charms                       2
   d - Spectral Weapon                Hexes/Charms                 3
   e - Regeneration                   Charms/Necromancy            3


   Skills:
 - Level 2.0 Fighting
 - Level 1.5 Polearms
 - Level 0.7 Armour
 - Level 1.5 Dodging
 - Level 4.2 Spellcasting
 + Level 0.1 Hexes
 - Level 3.2 Charms


You had 4 spell levels left.
You knew the following spells:

 Your Spells              Type           Power        Failure   Level  Hunger
a - Infusion              Chrm           ##..         10%         1    N/A
b - Spectral Weapon       Hex/Chrm       #.......     45%         3    N/A
c - Song of Slaying       Chrm           ##......     14%         2    N/A

Dungeon Overview and Level Annotations

Branches:
Dungeon (4/15)
 Temple: D:4-7

Altars:


Innate Abilities, Weirdness & Mutations

You do not eat or drink.
Your flesh is vulnerable to fire.
You are immune to poison.
Your flesh is cold resistant. (rC+)
You are immune to negative energy. (rN+++)
You are immune to unholy pain and torment.
You can survive without breathing.


Message History

Casting: Spectral Weapon
Confirm with . or Enter, or press ? or * to list all spells.
You don't know that spell.
You barely miss the iguana.
Your spectral weapon hits the iguana from afar!
The iguana barely misses you. The iguana closely misses you.
You hit the iguana.
The iguana is heavily wounded.
Your spectral weapon closely misses the iguana.
The iguana bites you!
Ouch! That really hurt!
* * * LOW HITPOINT WARNING * * *
You are too injured to fight recklessly!
You are too injured to fight recklessly!
You are too injured to fight recklessly!
You hit the iguana.
The iguana is almost dead.
Your spectral weapon closely misses the iguana.
The iguana bites you!
You die...

#.############################
#.# #.# #.# #.# #.# #.#
#.###################
#........%..(@l.....#
###################.# #.# #.#
#)# ##########.###
#..........†.# #....?.......##
#................


You could see an iguana and a friendly spectral spear.

Vanquished Creatures
  Ijyb (D:4)
  An adder (D:2)
  An ooze (D:3)
  2 orcs
  3 goblins
  A hobgoblin (D:2)
  6 bats
  2 frilled lizards
  2 kobolds (D:4)
  3 rats (D:3)
22 creatures vanquished.

Notes
Turn   | Place    | Note
-------+----------+-------------------------------------------
     0 | D:1      | Amnesiac the Mummy Skald began the quest for the Orb.
     0 | D:1      | Reached XP level 1. HP: 16/16 MP: 4/4
   597 | D:2      | Reached XP level 2. HP: 19/22 MP: 5/5
   601 | D:2      | Learned a level 2 spell: Song of Slaying
   965 | D:3      | Reached skill level 3 in Spellcasting
   970 | D:3      | Reached XP level 3. HP: 18/27 MP: 4/7
  1081 | D:3      | Noticed an ice beast
  1089 | D:3      | Noticed Ijyb
  1109 | D:4      | Killed Ijyb
  1109 | D:4      | Reached skill level 4 in Spellcasting
  1117 | D:4      | Learned a level 3 spell: Spectral Weapon
  1418 | D:4      | Mangled by an iguana

Vault maps used:
D:1:      dpeg_arrival_stone_temple_mockup
D:2:      kennysheep_goblin_castle, serial_co_window_serial, co_window_corner_a,
          co_window_paths_b, co_window_of_opportunity_a,
          co_window_of_opportunity_a, co_window_of_opportunity_a,
          co_window_paths_a, co_window_cross_1, co_window_of_opportunity_b,
          co_window_corner_b, co_window_of_opportunity_b, co_window_broadway_a,
          co_window_broadway_b, co_window_cross_2, co_window_unsneaky_path_b,
          glass_columns_a, glass_columns_b, glass_columns_a, glass_columns_a,
          minmay_bisected
D:3:      uniq_iyjb
D:4:      marbit_many_paths, first_bread

Skill      XL: |  1  2  3 |
---------------+----------+-----
Charms         | 3 |  3.2
Spellcasting   | 3 4 |  4.2
Fighting       | |  2.0
Polearms       | |  1.5
Armour         | |  0.7
Dodging        | |  1.5
Hexes          | |  0.1

Action                   || total
-------------------------++-------
Melee: Spear             ||    95
 Cast: Infusion          ||     3
       Song of Slaying   ||     4
       Spectral Weapon   ||     1
  Use: Scroll            ||     4
Armor: Leather armour    ||    29
Dodge: Dodged            ||    54
